 Seeded DCSS version 0.30.1-4-g462c640d31 (webtiles) character file.

Game seed: 6351066067085065685 (custom seed)

107 Esekla the Magician (level 4, -2/24 HPs)
             Began as a Deep Elf Wanderer on Sept 8, 2023.
             Was a Follower of Vehumet.
             Slain by a gnoll
             ... wielding a +0 club
             ... led by a gnoll bouda
              (6 damage)
             ... on level 4 of the Dungeon.
             The game lasted 00:14:35 (2231 turns).

Esekla the Magician (Deep Elf Wanderer)             Turns: 2231, Time: 00:14:35

Health: -2/24      AC:  4    Str: 11    XL:     4   Next: 57%
Magic:  2/13       EV: 11    Int: 20    God:    Vehumet [*.....]
Gold:   154        SH:  4    Dex: 11    Spells: 7/14 levels left

rFire   . . .        a - +1 short sword (freeze)
rCold   . . .        d - +0 buckler
rNeg    . . .        c - +0 robe
rPois   .            i - +0 helmet
rElec   .            (no cloak)
rCorr   .            k - +0 pair of gloves
SInv    .            (no boots)
Will    .....        (no amulet)
Stlth   ++           (no ring)
HPRegen 0.24/turn    (no ring)
MPRegen 0.13/turn

%: no passive effects
@: weakened
A: no striking features
a: Renounce Religion


You were on level 4 of the Dungeon.
You worshipped Vehumet.
Vehumet was aware of your devotion.
You visited 1 branch of the dungeon, and saw 4 of its levels.

You collected 154 gold pieces.

Inventory:

Hand Weapons
 a - a +1 short sword of freezing (weapon)
 s - the +5 rapier of the Hero {heavy, rN+ Dex+3}
   (You found it on level 3 of the Dungeon)

   Dex:       It affects your dexterity (+3).
   rN:        It protects you from negative energy.
Armour
 c - a +0 robe (worn)
 d - a +0 buckler (worn)
 i - a +0 helmet (worn)
 k - a +0 pair of gloves (worn)
Scrolls
 f - a scroll of fear {unknown}
 g - 3 scrolls of identify {unknown}
 m - a scroll of amnesia {unknown}
 n - a scroll of enchant armour {unknown}
 q - a scroll of fog {unknown}
 r - a scroll of immolation {unknown}
 t - 2 scrolls of enchant weapon {unknown}
Potions
 b - a potion of lignification
 e - a potion of ambrosia {unknown}
 h - a potion of curing {unknown}
 j - a potion of mutation {unknown}
 l - 2 potions of attraction {unknown}
 o - a potion of heal wounds {unknown}
 p - 2 potions of brilliance {unknown}


   Skills:
 + Level 1.0 Short Blades
 * Level 1.6 Dodging
 + Level 1.6 Stealth
 + Level 1.8 Shields
 * Level 5.8 Spellcasting
 + Level 0.9 Conjurations
 * Level 1.7 Necromancy
 + Level 2.3 Translocations
 + Level 1.1 Invocations


You had 7 spell levels left.
You knew the following spells:

 Your Spells              Type           Power      Damage    Failure   Level
a - Magic Dart            Conj           36%        1d4       11%         1
b - Blink                 Tloc           30%        N/A       9%          2
d - Vampiric Draining     Necr           13%        2d6       22%         3
p - Apportation           Tloc           30%        N/A       6%          1

Your spell library contained the following spells:

 Spells                   Type           Power      Damage    Failure   Level
 Foxfire                  Conj/Fire      28%        2x1d5     13%         1
 Lesser Beckoning         Tloc           30%        N/A       9%          2
 Gell's Gravitas          Tloc           15%        N/A       19%         3
 Teleport Other           Tloc           15%        N/A       19%         3
 Ignite Poison            Fire/Tmut/Pois 5%         N/A       43%         3


Dungeon Overview and Level Annotations

Branches:
Dungeon (4/15)
 Temple: D:4-7

Altars:
Hepliaklqana
Okawaru
Qazlal
Trog
Vehumet
Zin
The Shining One

Shops:
D:2 =   D:4 (


Message History

You hear a shout! x2
You hit the gnoll bouda but do no damage.
The gnoll bouda is severely wounded.
The gnoll bouda mumbles some strange prayers to its god.
The gnoll bouda is healed somewhat.
You hit the gnoll bouda but do no damage.
The gnoll bouda is heavily wounded.
You hit the gnoll bouda. You freeze the gnoll bouda.
The gnoll bouda is heavily wounded.
A gnoll comes into view. It is wielding a +0 club.
The gnoll bouda barks out a call to the hunt!
The gnoll picks up the pace!
You aren't carrying any items that you can evoke.
You barely miss the gnoll bouda.
The gnoll bouda is heavily wounded.
You block the gnoll's attack. The gnoll bouda closely misses you.
You hit the gnoll bouda but do no damage.
The gnoll bouda is heavily wounded.
The gnoll hits you with a +0 club.
The gnoll bouda hits you with a +0 club.
Your magical contamination has completely faded away.
You barely miss the gnoll bouda.
The gnoll bouda is heavily wounded.
The gnoll hits you with a +0 club.
* * * LOW HITPOINT WARNING * * *
You block the gnoll bouda's attack.
You hit the gnoll bouda but do no damage.
The gnoll bouda is heavily wounded.
The gnoll hits you but does no damage. The gnoll bouda barely misses you.
You hit the gnoll bouda. You freeze the gnoll bouda.
The gnoll bouda is almost dead.
The gnoll barely misses you.
The gnoll bouda gazes fiercely through you!
You feel your attacks grow feeble.
The gnoll bouda hits you with a +0 club.
* * * LOW HITPOINT WARNING * * *
You barely miss the gnoll bouda.
The gnoll bouda is almost dead.
The gnoll hits you with a +0 club.
You die...

........................>.
#...............######...
g##...............### #...
g...................####...
..........##.g.............
........................#'#
...........................
.........#####.............
......#.'#@#.#)(...##...... o....
###gg#..##...##...... . ....
#.._#_..#....#...... .. ...
#########....'...... ... ..
#.._#_..#....#......
....####+#####..#..##...........
...........+.'#.#.#'..#......#..
.........###..#####...#.........
..........###..........#.........


You could see a gnoll bouda and a gnoll (swift).

Vanquished Creatures
  A hound (D:3)
  2 gnolls (D:4)
  An adder (D:3)
  2 dart slugs
  3 orcs (D:3)
  6 ball pythons
  4 endoplasms
  6 goblins
  3 hobgoblins
  A quokka (D:1)
  4 bats
  4 frilled lizards
  5 kobolds
42 creatures vanquished.

Notes
Turn   | Place    | Note
-------+----------+-------------------------------------------
     0 | D:1      | Esekla the Deep Elf Wanderer began the quest for the Orb.
     0 | D:1      | Esekla set off with the following items: a +0 club, a
                  | potion of lignification, a +0 robe, a +0 buckler; and the
                  | following spells available to memorise: Apportation, Blink,
                  | Lesser Beckoning, Magic Dart, Ignite Poison, Vampiric
                  | Draining.
     0 | D:1      | Reached XP level 1. HP: 10/10 MP: 7/7
     2 | D:1      | Learned a level 1 spell: Magic Dart
     4 | D:1      | Learned a level 1 spell: Apportation
   180 | D:2      | Found Renulab's Jewellery Shop.
   286 | D:4      | Found an iron altar of Okawaru.
   297 | D:4      | Found a glowing silver altar of Zin.
   488 | D:4      | Found a radiant altar of Vehumet.
   492 | D:4      | Became a worshipper of Vehumet
   585 | D:3      | Reached XP level 2. HP: 15/15 MP: 4/9
   588 | D:3      | Learned a level 2 spell: Blink
  1008 | D:2      | Noticed a black bear
  1038 | D:1      | Reached skill level 5 in Spellcasting
  1109 | D:1      | Reached skill level 1 in Dodging
  1173 | D:1      | Reached XP level 3. HP: 19/19 MP: 8/11
  1179 | D:1      | Learned a level 3 spell: Vampiric Draining
  1227 | D:1      | Reached skill level 1 in Necromancy
  1239 | D:1      | Reached * piety under Vehumet
  1239 | D:1      | Offered knowledge of Foxfire by Vehumet.
  1407 | D:3      | Identified the +5 rapier of the Hero {heavy, rN+ Dex+3}
  1829 | D:3      | Found a stormy altar of Qazlal.
  1831 | D:3      | Found a bloodstained altar of Trog.
  1833 | D:3      | Found a hazy altar of Hepliaklqana.
  1844 | D:3      | Reached XP level 4. HP: 21/24 MP: 7/13
  2021 | D:4      | Found Ponaysk's Antique Weapon Boutique.
  2097 | D:4      | Found a glowing golden altar of the Shining One.
  2162 | D:4      | Reached skill level 1 in Short Blades
  2231 | D:4      | Slain by a gnoll

Illustrated notes

Levels and vault maps discovered:
D:1:      sevenhm_arrival_forest_fort_small_3, layout_rooms,
          chequers_serial_rivers_room_b, minmay_misc_feat_five
D:2:      layout_loops_ring, dreamdust_ecumenical_altar_angels_and_demons,
          serial_shops, shop
D:3:      layout_basic, grunt_temple_overflow_open, minmay_misc_feat_iff
D:4:      layout_basic, nicolae_overflow_quartered_altars, serial_shops,
          nicolae_diamond_shop

Skill      XL: |  1  2  3  4 |
---------------+-------------+-----
Spellcasting   | 5 |  5.8
Dodging        | 1 |  1.6
Necromancy     | 1 |  1.7
Short Blades   | 1 |  1.0
Stealth        | |  1.6
Shields        | |  1.8
Conjurations   | |  0.9
Translocations | |  2.3
Invocations    | |  1.1

Action                     |  1- 3 |  4- 6 || total
---------------------------+-------+-------++-------
  Melee: Short sword       |    81 |    24 ||   105
         Club              |     1 |       ||     1
   Cast: Apportation       |    15 |       ||    15
         Magic Dart        |    39 |     5 ||    44
         Vampiric Draining |     2 |     4 ||     6
   Stab: Sleeping          |     1 |       ||     1
 Armour: Robe              |    30 |     3 ||    33
  Dodge: Dodged            |    45 |     8 ||    53
  Block: Buckler           |    14 |     5 ||    19
